AoeStats
← shanks3106

Arabia

507582395Analyzed
1v1 RM · 14d ago on Sep 18, 2026· 55m 25s· 2 players
Game mode
Random Map
Map size
Tiny (2 player)
Population
200
Speed
Normal
Resources
Standard
Victory
Conquest
Starting age
Dark Age
Ending age
Imperial Age
RankedLock teamsTeams togetherTeam positionsShared explorationLock speedFull tech treeHidden civsTurbo modeCheats
Victory
Defeat
🇲🇰 Berbers · North Macedonia
923
+15
🇺🇸 Burmese · United States
896
-15
shanks3106
8:00 Loom
10:08 Feudal Age
17:11 Horse Collar
22:32 Castle Age
21:39 Forging
21:45 Bloodlines
23:03 Pikeman
26:14 Fletching
26:25 Padded Archer Armor
26:32 Husbandry
27:30 Heavy Plow
30:56 Wheelbarrow
31:36 Town Watch
32:34 Ballistics
33:50 Hand Cart
35:03 Manipur Cavalry
35:13 Light Cavalry
42:03 Imperial Age
41:15 Town Patrol
42:37 Elite Arambai
44:01 Howdah
44:26 Conscription
45:40 Bodkin Arrow
46:21 Iron Casting
45:51 Scale Barding Armor
47:34 Chemistry
48:09 Elite Battle Elephant
54:56 Murder Holes
7zillyツ
9:31 Loom
11:27 Feudal Age
16:51 Castle Age
17:29 Bloodlines
20:58 Wheelbarrow
20:13 Double-Bit Axe
26:43 Herbal Medicine
27:38 Hand Cart
28:16 Stone Mining
28:21 Fletching
29:08 Thumb Ring
30:03 Bodkin Arrow
30:08 Padded Archer Armor
31:46 Husbandry
32:49 Bow Saw
32:40 Town Watch
33:19 Ballistics
33:44 Stone Shaft Mining
34:03 Leather Archer Armor
34:43 Careening
36:14 Town Patrol
36:16 Murder Holes
38:25 Gold Mining
43:57 Imperial Age
43:27 Masonry
42:57 Treadmill Crane
45:35 Theocracy
46:20 Bracer
46:51 Ring Archer Armor
46:47 Forging
46:37 Scale Mail Armor
46:42 Scale Barding Armor
48:34 Chemistry
48:49 Cavalier
50:06 Iron Casting
49:46 Chain Mail Armor
49:36 Scale Barding Armor
49:58 Siege Engineers
51:41 Heavy Camel Rider
52:04 Elite Genitour
53:49 Blast Furnace
53:19 Plate Mail Armor
53:09 Chain Barding Armor
55:26 Conscription
55:07 Kasbah
Connection lost

Rejoining the realm…

Still unreachable

The connection could not be restored.

Session expired

The server has moved on; the page needs a fresh start.